 Dungeon Crawl Stone Soup version 0.28-a0-563-gf77a47075d (webtiles) character file.

Game seed: 18363993271693787601

432 kae the Cleaver (level 7, -3/63 HPs)
             Began as a Hill Orc Fighter on Sept 30, 2021.
             Slain by an orc warrior (16 damage)
             ... on level 4 of the Dungeon.
             The game lasted 00:02:51 (4112 turns).

kae the Cleaver (Hill Orc Fighter)                  Turns: 4112, Time: 00:02:51

Health: -3/63      AC:  7    Str: 21    XL:     7   Next: 0%
Magic:  2/2        EV:  9    Int:  8    God:
Gold:   18         SH:  4    Dex: 10    Spells: 6/6 levels left

rFire   . . .      SeeInvis .   j - +2 broad axe (antimagic)
rCold   . . .      Faith    .   c - +0 buckler
rNeg    . . .      Spirit   .   b - +1 scale mail
rPois   .          Reflect  .   (no helmet)
rElec   .          Harm     .   (no cloak)
rCorr   .          Rampage  .   (no gloves)
Will    .....                   (no boots)
Stlth   ..........              (no amulet)
HPRegen 0.20/turn               (no ring)
MPRegen 0.08/turn               (no ring)

@: no status effects
A: no striking features
a: no special abilities


You were on level 4 of the Dungeon.
You visited 2 branches of the dungeon, and saw 5 of its levels.

You collected 68 gold pieces.
You spent 50 gold pieces at shops.

Inventory:

Hand Weapons
 a - a +0 war axe
 j - a +2 antimagic broad axe (weapon)
Armour
 b - a +1 scale mail (worn)
 c - a +0 buckler (worn)
Scrolls
 g - 4 scrolls of teleportation
 i - 2 scrolls of enchant armour
 m - 2 scrolls of identify
 o - a scroll of silence {unknown}
Potions
 d - a potion of might
 e - a potion of cancellation
 f - a potion of haste {unknown}
 h - a potion of brilliance {unknown}
 k - a potion of resistance {unknown}
 l - 3 potions of curing {unknown}
 n - a potion of degeneration {unknown}


   Skills:
 + Level 6.0 Fighting
 * Level 8.0 Axes
 - Level 3.2 Armour
 - Level 3.2 Shields


You had 6 spell levels left.
You didn't know any spells.
Your spell library contained the following spells:

 Spells                   Type           Power      Damage    Failure   Level
 Blink                    Tloc           N/A        N/A       89%         2
 Call Canine Familiar     Summ           0%         N/A       98%         3
 Dazzling Flash           Conj/Hex       0%         N/A       98%         3
 Portal Projectile        Hex/Tloc       0%         N/A       98%         3
 Fulminant Prism          Conj/Hex       0%         3d6       100%        4
 Iskenderun's Mystic Bla  Conj/Tloc      0%         2d3       100%        4
 Leda's Liquefaction      Hex/Erth       0%         N/A       100%        4
 Alistair's Intoxication  Tmut/Pois      0%         N/A       100%        5
 Borgnjor's Vile Clutch   Necr/Erth      0%         N/A       100%        5
 Iskenderun's Battlesphe  Conj           0%         2d6       100%        5
 Lee's Rapid Deconstruct  Erth           0%         3d5*      100%        5
 Manifold Assault         Tloc           0%         N/A       100%        5
 Eringya's Noxious Bog    Tmut/Pois      0%         N/A       100%        6
 Iron Shot                Conj/Erth      0%         9d1       100%        6
 Starburst                Conj/Fire      0%         6d3       100%        6
 Spellforged Servitor     Conj/Summ      0%         N/A       100%        7
 Storm Form               Tmut/Air       0%         N/A       100%        7


Dungeon Overview and Level Annotations

Branches:
Dungeon (4/15)             Temple (1/1) D:4

Altars:
Ashenzari
Cheibriados
Dithmenos
Elyvilon
Fedhas
Gozag
Hepliaklqana
Kikubaaqudgha
Makhleb
Nemelex Xobeh
Okawaru
Trog
Uskayaw
Vehumet
Wu Jian
Yredelemnul

Shops:
D:2 *


Message History

You barely miss the orc warrior.
The orc warrior is moderately wounded.
You barely miss the orc.
The orc warrior hits you with a +0 flail!
The orc barely misses you.
The orc warrior hits you with a +0 flail!
You are too injured to fight recklessly!
You are too injured to fight recklessly!
You are too injured to fight recklessly!
You are too injured to fight recklessly!
You are too injured to fight recklessly!
You are too injured to fight recklessly!
You hit the orc warrior but do no damage.
The orc warrior is moderately wounded.
You closely miss the orc. The orc closely misses you.
You block the orc warrior's attack.
You slash the orc warrior!
The orc warrior is heavily wounded.
You barely miss the orc. The orc hits you but does no damage.
You block the orc warrior's attack. The orc hits you but does no damage.
You hit the orc warrior.
The orc warrior is heavily wounded.
You hit the orc but do no damage.
The orc warrior hits you with a +0 flail.
The orc hits you with a +0 dagger.
You hit the orc warrior but do no damage.
The orc warrior is heavily wounded.
You hit the orc.
You kill the orc!
You block the orc warrior's attack.
You have reached level 7!
You slash the orc warrior!
The orc warrior is almost dead.
The orc warrior hits you with a +0 flail.
The orc warrior hits you with a +0 flail!
* * * LOW HITPOINT WARNING * * *
You closely miss the orc warrior.
The orc warrior is almost dead.
The orc warrior hits you with a +0 flail!
You die...

....≈≈##..#############
.....
..≈≈≈##...'...........#
.....
''####....###.........#
.<... .......)..#
#.........## ..###
..........# #.....^...[.
.
#############..........#
#...........#
#..........#
#.$..@.##### #...)o)#
#...........####
#...........#...
#...........#...######
#...........#.........
#...........[.........
#......####.###.......
.(...... ...........


You could see an orc warrior.

Vanquished Creatures
  2 necrophages (D:4)
  An orc priest (D:4)
  Terence (D:2)
  An iguana (D:3)
  7 adders
  4 gnolls (D:3)
  2 worms (D:3)
  A dart slug (D:1)
  2 orcs (D:4)
  7 endoplasms
  2 giant cockroaches
  10 goblins
  3 hobgoblins
  2 jackals (D:1)
  2 quokkas
  14 ball pythons
  4 bats
  2 frilled lizards
  8 kobolds
  5 rats
80 creatures vanquished.

Notes
Turn   | Place    | Note
-------+----------+-------------------------------------------
     0 | D:1      | kae the Hill Orc Fighter began the quest for the Orb.
     0 | D:1      | Reached XP level 1. HP: 19/19 MP: 1/1
   205 | D:1      | Reached skill level 3 in Axes
   445 | D:1      | Reached XP level 2. HP: 14/27 MP: 2/2
  1084 | D:1      | Reached skill level 4 in Axes
  1191 | D:1      | Found a faded altar of an unknown god.
  1214 | D:2      | Found Muenn's Assorted Antiques.
  1217 | D:2      | Reached XP level 3. HP: 31/33 MP: 3/3
  1283 | D:2      | Bought a dark potion for 16 gold pieces
  1532 | D:2      | Reached XP level 4. HP: 41/41 MP: 4/4
  1552 | D:2      | Reached skill level 5 in Axes
  1719 | D:2      | Noticed Terence
  1724 | D:2      | Killed Terence
  1842 | D:2      | Reached XP level 5. HP: 43/47 MP: 5/5
  2144 | D:2      | Bought a smoky pink potion for 16 gold pieces
  2144 | D:2      | Bought a scroll labelled BOLANASHRAS for 18 gold pieces
  2436 | D:3      | Reached skill level 5 in Fighting
  2436 | D:3      | Reached skill level 6 in Axes
  3418 | D:3      | Identified a scroll of acquirement
  3418 | D:3      | Acquired a +2 antimagic broad axe
  3444 | D:4      | Found a blossoming altar of Fedhas.
  3456 | D:4      | Found a bloodstained altar of Trog.
  3553 | D:4      | Noticed a necrophage
  3559 | D:4      | Reached XP level 6. HP: 52/55 MP: 2/6
  3568 | D:4      | Killed a necrophage
  3569 | D:4      | Reached skill level 7 in Axes
  3711 | D:4      | Found a staircase to the Ecumenical Temple.
  3724 | D:4      | Noticed a necrophage
  3735 | D:4      | Killed a necrophage
  3744 | Temple   | Entered the Ecumenical Temple
  4099 | D:4      | Noticed an orc warrior
  4105 | D:4      | Reached skill level 8 in Axes
  4111 | D:4      | Reached XP level 7. HP: 27/63 MP: 2/7
  4112 | D:4      | Slain by an orc warrior

Illustrated notes

Levels and vault maps discovered:
D:1:      evilmike_arrival_fibonacci_small, layout_loops_corners,
          hellmonk_ecumenical_altar_leap_of_faith
D:2:      kennysheep_the_goblin_king, layout_basic, serial_shops,
          nicolae_shop_statue_plus, minmay_snake_closets, uniq_terence
D:3:      layout_basic, serial_glass, glass_columns_c, glass_columns_a,
          feat_on_display, minmay_strange_pillars, item_on_display_a,
          feat_on_display, item_on_display_a
D:4:      layout_basic, kennysheep_orc_sif_temple,
          nicolae_overflow_hidden_temple, minmay_temple_entry_hall,
          kennysheep_cross_room
Temple:   minmay_temple_curvy_branch

Skill      XL: |  1  2  3  4  5  6 |
---------------+-------------------+-----
Axes           | 3 4 5 6 8 |  8.0
Fighting       | 4 5 6 |  6.0
Armour         | |  3.2
Shields        | |  3.2

Action                   |  1- 3 |  4- 6 |  7- 9 || total
-------------------------+-------+-------+-------++-------
Melee: War axe           |    96 |    96 |       ||   192
       Broad axe         |       |    36 |     2 ||    38
  Use: Scroll            |     1 |     3 |       ||     4
Armor: Scale mail        |    46 |    43 |       ||    89
Dodge: Dodged            |    51 |    58 |       ||   109
Block: Buckler           |    20 |    30 |       ||    50

Table legend: (Time is in decaauts)
 A = Elapsed time spent in this place.
 B = Non-inter-level travel time spent in this place.
 C = Inter-level travel time spent in this place.
 D = Time resting spent in this place.
 E = Time spent auto-exploring this place.
 F = Levels seen in this place.
 G = Mean time per level.
                   A        B        C        D        E       F      G
               +--------+--------+--------+--------+--------+-----+--------+
         Total |   4172 |   4064 |    108 |    229 |   3329 |   5 |  834.4 |
       Dungeon |   3904 |   3801 |    103 |    229 |   3066 |   4 |  976.0 |
        Temple |    267 |    263 |      4 |      0 |    263 |   1 |  267.0 |
               +--------+--------+--------+--------+--------+-----+--------+

Top non-repeatable levels by time:
     D:3: 1261 daAuts
     D:1: 1231 daAuts
     D:2: 988 daAuts
     D:4: 422 daAuts
  Temple: 267 daAuts
